 Dungeon Crawl Stone Soup version 0.17-a0-18-gc25b939 (webtiles) character file.

126 Econoterrorist the Twirler (level 5, -7/30 HPs)
             Began as a Gargoyle Gladiator on Mar 11, 2015.
             Killed by nerve-wracking pain
             ... invoked by Grinder
              (12 damage)
             ... on level 3 of the Dungeon.
             The game lasted 00:09:44 (2365 turns).

Econoterrorist the Twirler (Gargoyle Gladiator)     Turns: 2365, Time: 00:09:45

Health: -7/30      AC: 12    Str: 19    XL:     5   Next: 10%
Magic:  5/5        EV: 10    Int:  9    God:
Gold:   88         SH:  0    Dex: 10    Spells: 0 memorised, 4 levels left

rFire  + . .     SeeInvis .     a - +0 quarterstaff
rCold  + . .     Clarity  .     r - +0 scale mail
rNeg   + + .     SustAb   .     (no shield)
rPois  ∞         Gourm    .     c - +0 helmet
rElec  +         Spirit   .     t - +0 cloak
rCorr  +         Warding  .     (no gloves)
rMut   .         Stasis   +     (no boots)
MR     .....                    o - amulet of stasis
Stlth  ..........               (no ring)
                                b - ring of positive energy

@: resistant, not resistant to hostile enchantments, extremely unstealthy
A: negative energy resistance 1, electricity resistance, unbreathing,
petrification resistance, rot immunity, AC +4
a: no special abilities


You were on level 3 of the Dungeon.
You were not hungry.

You visited 1 branch of the dungeon, and saw 3 of its levels.

You collected 88 gold pieces.

Inventory:

Hand weapons
 a - a +0 quarterstaff (weapon)
Missiles
 d - a throwing net (quivered)
Armour
 c - a +0 helmet (worn)
 r - a +0 scale mail (worn)
 t - a +0 cloak (worn)
Jewellery
 b - a ring of positive energy (left hand)
 k - an uncursed amulet of resist corrosion
 o - an amulet of stasis (around neck)
Scrolls
 e - 2 scrolls of enchant weapon {unknown}
 g - 4 scrolls of remove curse {unknown}
 i - 3 scrolls of identify {unknown}
 m - a scroll of fog {unknown}
 n - a scroll of enchant armour {unknown}
 p - a scroll of teleportation {unknown}
 s - a scroll of recharging {unknown}
Potions
 l - a potion of resistance
Comestibles
 f - 2 bread rations
 j - a meat ration


   Skills:
 - Level 2.1 Fighting
 + Level 5.6 Staves
 - Level 2.0 Throwing
 - Level 2.4 Dodging


You had 4 spell levels left.
You didn't know any spells.

Dungeon Overview and Level Annotations

Branches:
Dungeon (3/15)

Altars:
Ru
Vehumet

Annotations:
D:3 Grinder


Innate Abilities, Weirdness & Mutations

You are resistant to torment.
You are immune to poison.
Your stone body is very resilient (AC +4).
You resist negative energy.
You are resistant to electric shocks.
You can survive without breathing.
You are immune to petrification.
You are immune to rotting.


Message History

You feel strangely static.
o - an amulet of stasis (around neck)
You barely miss Grinder.
Grinder is heavily wounded.
Grinder gestures at you.
Your amulet of stasis gives you a mild electric shock.
You hit Grinder.
Grinder is severely wounded.
Grinder gestures at you.
Your amulet of stasis gives you a mild electric shock.
You sock Grinder!
Grinder is almost dead.
Grinder gestures.
Grinder blinks!
Things that are here:
a throwing net; a club; a goblin corpse
d - a throwing net Grinder gestures at you.
Pain shoots through your body!
You die...

### #.. #.##### ####
#.#...
.##...############
##.#.#
..................#
##.#..#
#.(..@...5.###.###.###
#.########.##.## ##...
#.# #.[...###.... #.#
#.#....#..##. #.#
#5#.##..#.... #.#
#.#.##.#####. #.#
.......# ## #.# #.#.##
# #.# #.#.#


You could see Grinder.

Vanquished Creatures
  Terence (D:3)
  4 adders
  2 worms (D:2)
  3 oozes
  An orc (D:3)
  A bat zombie (D:2)
  5 goblins
  11 hobgoblins
  2 jackals (D:1)
  9 kobolds
  A quokka (D:2)
  A ball python (D:2)
  A ball python skeleton (D:2)
  7 bats
  3 giant cockroaches
  2 giant newts
  8 rats
  A plant (D:2)
63 creatures vanquished.

Notes
Turn   | Place    | Note
--------------------------------------------------------------
     0 | D:1      | Econoterrorist, the Gargoyle Gladiator, began the quest for the Orb.
     0 | D:1      | Reached XP level 1. HP: 12/12 MP: 1/1
   326 | D:1      | Reached XP level 2. HP: 17/17 MP: 2/2
   844 | D:1      | Reached skill level 4 in Staves
   922 | D:1      | Reached XP level 3. HP: 14/21 MP: 3/3
  1372 | D:2      | Reached XP level 4. HP: 26/26 MP: 4/4
  1501 | D:2      | Reached skill level 5 in Staves
  1761 | D:2      | Found a radiant altar of Vehumet.
  2108 | D:3      | Found a sacrificial altar of Ru.
  2113 | D:3      | Noticed Terence
  2122 | D:3      | Killed Terence
  2242 | D:3      | Reached XP level 5. HP: 26/30 MP: 5/5
  2315 | D:3      | Noticed Grinder
  2322 | D:3      | Paralysed by Grinder for 2 turns
  2349 | D:3      | Paralysed by Grinder for 4 turns
  2365 | D:3      | Killed from afar by Grinder

Action                   |  1- 3 |  4- 6 || total
-------------------------+-------+-------++-------
Melee: Quarterstaff      |   137 |   120 ||   257
Throw: Throwing net      |       |     5 ||     5
  Use: Potion            |       |     1 ||     1
  Eat: Chunk             |     1 |     4 ||     5
